 Dungeon Crawl Stone Soup version 0.27-a0-385-g3208abaabc (webtiles) character file.

Game seed: 10932413920204607130

2 sahdkjhfkaj the Stinger (level 1, 16/16 HPs)
             Began as a Troll Venom Mage on Feb 19, 2021.
             Quit the game on level 1 of the Dungeon.
             The game lasted 00:01:19 (95 turns).

sahdkjhfkaj the Stinger (Troll Venom Mage)            Turns: 95, Time: 00:01:19

Health: 16/16      AC:  4    Str: 15    XL:     1   Next: 33%
Magic:  1/1        EV:  9    Int: 11    God:
Gold:   11         SH:  0    Dex: 10    Spells: 1/2 levels left

rFire    . . .     SeeInvis .   (no weapon)
rCold    . . .     Faith    .   (no shield)
rNeg     . . .     Spirit   .   a - +0 robe
rPois    .         Reflect  .   (helmet restricted)
rElec    .         Harm     .   (no cloak)
rCorr    .         Rampage  .   (gloves unavailable)
Will     .....                  (boots unavailable)
Stlth    +.........             (no amulet)
HPRegen  1.05/turn              (no ring)
MPRegen  0.07/turn              (no ring)

@: no status effects
A: large, unfitting armour, claws 3, regeneration 1, shaggy fur 1, tough skin 1
a: no special abilities


You were on level 1 of the Dungeon.
You visited 1 branch of the dungeon, and saw 1 of its levels.

You collected 11 gold pieces.

Inventory:

Missiles
 b - 23 stones
Armour
 a - a +0 robe (worn)
Scrolls
 d - a scroll of blinking {unknown}
Potions
 c - a potion of brilliance {unknown}
 e - a potion of mutation {unknown}


   Skills:
 - Level 1.5 Dodging
 - Level 1.0 Stealth
 + Level 0.8 Unarmed Combat
 - Level 1.2 Spellcasting
 - Level 0.6 Transmutations
 - Level 2.1 Poison Magic


You had one spell level left.
You knew the following spells:

 Your Spells              Type           Power        Failure   Level
a - Sting                 Tmut/Pois      12%          19%         1

Your spell library contained the following spells:

 Spells                   Type           Power        Failure   Level
 Poisonous Vapours        Pois/Air       6%           30%         2
 Ignite Poison            Fire/Tmut/Pois 2%           54%         3
 Mephitic Cloud           Conj/Pois/Air  2%           56%         3
 Olgreb's Toxic Radiance  Pois           5%           77%         4


Dungeon Overview and Level Annotations

Branches:
Dungeon (1/15)

Altars:


Innate Abilities, Weirdness & Mutations

You are too large for most types of armour.
You have claws for hands.
Your natural rate of healing is unusually fast.
You are covered in fur. (AC +1)
You have tough skin. (AC +1)


Message History

The goblin shouts!
Found a scroll labelled UFFUHUCOAMP.
You claw the goblin!
You kill the goblin!
You see here a goblin corpse.
d - a scroll labelled UFFUHUCOAMP
Found 16 bolts.
e - a grey potion A bat comes into view.
Throw: 25 stones
Press: ? - help, Shift-Dir - straight line, f - bat
Aim: a bat (asleep, 98% to hit)
You throw a stone. The stone hits the bat.
The bat is moderately wounded.
Throw: 24 stones
Press: ? - help, Shift-Dir - straight line, f/p - bat
Aim: a bat (37% to hit)
You throw a stone. The stone hits the bat.
The bat is moderately wounded.
You closely miss the bat.
The bat is moderately wounded.
The bat hits you but does no damage. x2
You barely miss the bat.
The bat is moderately wounded.
The bat hits you but does no damage. x3
You scratch the bat.
The bat is severely wounded.
The bat hits you but does no damage. The bat barely misses you.
You miss the bat.
The bat is severely wounded.
The bat hits you but does no damage.
You closely miss the bat.
The bat is severely wounded.
The bat hits you but does no damage.
You scratch the bat.
You kill the bat!
Saving game... please wait.
Welcome back, sahdkjhfkaj the Troll Venom Mage.
Press ? for a list of commands and other information.
Are you sure you want to abandon this character and quit the game? (Confirm with "yes".)

############
(..(..†@...##
##########..# ##.##
#####
#..#######....
#######.#.......###
................#
###...###...###.#
#.............#†#
#.............#.###


There were no monsters in sight!

Vanquished Creatures
  A bat (D:1)
  A goblin (D:1)
2 creatures vanquished.

Notes
Turn   | Place    | Note
-------+----------+-------------------------------------------
     0 | D:1      | sahdkjhfkaj the Troll Venom Mage began the quest for the
                  | Orb.
     0 | D:1      | Reached XP level 1. HP: 16/16 MP: 1/1
    95 | D:1      | Quit the game

Illustrated notes

Levels and vault maps discovered:
D:1:      minmay_arrival_open_corners, layout_rooms, minivault_11

Action                   || total
-------------------------++-------
Melee: Unarmed           ||     7
Throw: Stone             ||     2
Armor: Robe              ||     8
Dodge: Dodged            ||     1

Table legend: (Time is in decaauts)
 A = Elapsed time spent in this place.
 B = Non-inter-level travel time spent in this place.
 C = Inter-level travel time spent in this place.
 D = Time resting spent in this place.
 E = Time spent auto-exploring this place.
 F = Levels seen in this place.
 G = Mean time per level.
                   A        B        C        D        E       F      G
               +--------+--------+--------+--------+--------+-----+--------+
         Total |     95 |     95 |      0 |      0 |     58 |   1 |   95.0 |
       Dungeon |     95 |     95 |      0 |      0 |     58 |   1 |   95.0 |
               +--------+--------+--------+--------+--------+-----+--------+

Top non-repeatable levels by time:
     D:1: 95 daAuts
